 Dungeon Crawl Stone Soup version 0.31.0-32-g396128a36d (webtiles) character file.

Game seed: 7187348278476326624

1714 nel the Spear-Bearer (level 9, 0/91 HPs)
             Began as a Merfolk Gladiator on Apr 3, 2024.
             Was a Believer of Okawaru.
             Slain by a boulder beetle (17 damage)
             ... on level 7 of the Dungeon.
             The game lasted 00:17:06 (5396 turns).

nel the Spear-Bearer (Merfolk Gladiator)            Turns: 5396, Time: 00:17:06

Health: 0/91       AC: 24    Str: 18    XL:     9   Next: 4%
Magic:  9/9        EV:  2    Int:  7    God:    Okawaru [**....]
Gold:   258        SH:  0    Dex: 16    Spells: 8/8 levels left

rFire   . . .        m - +3 scythe
rCold   . . .        (shield currently unavailable)
rNeg    . . .        w - melded +0 ring mail of Pan-Flutes {rElec Str+5 Dex+3}
rPois   +            t - melded +0 helmet
rElec   .            j - melded +0 cloak
rCorr   .            (gloves currently unavailable)
SInv    .            a - melded +2 pair of boots
Will    .....        (no amulet) Stlth
                     (no ring)
HPRegen 0.35/turn    (no ring)
MPRegen 0.11/turn

%: no passive effects
@: mighty, tree-form, silenced
A: stationary, stasis, torment immunity, boosted hp, (nimble swimmer 2),
(mertail)
a: Renounce Religion


You were on level 7 of the Dungeon.
You worshipped Okawaru.
Okawaru was pleased with you.
You were a tree.
You visited 2 branches of the dungeon, and saw 9 of its levels.

You collected 308 gold pieces.
You spent 50 gold pieces at shops.

Inventory:

Hand Weapons
 k - a +4 quarterstaff of chaos
 m - a +3 scythe (weapon)
Missiles
 d - 2 throwing nets
 e - a javelin (quivered)
Armour
 a - a +2 pair of boots (melded)
 j - a +0 cloak (melded)
 t - a +0 helmet (melded)
 w - the +0 ring mail of Pan-Flutes (melded) {rElec Str+5 Dex+3}
   (You found it on level 4 of the Dungeon)

   Str+5:     It affects your strength (+5).
   Dex+3:     It affects your dexterity (+3).
   rElec:     It insulates you from electricity.
Jewellery
 n - a ring of ice
 y - a +6 ring of dexterity
Wands
 x - a wand of mindburst (15)
 B - a wand of paralysis (8)
Scrolls
 c - a scroll of teleportation
 f - a scroll of poison
 g - 3 scrolls of noise
 h - 2 scrolls of identify
 p - a scroll of vulnerability
 r - 2 scrolls of immolation
 s - a scroll of revelation {unknown}
 v - 2 scrolls of blinking {unknown}
 z - a scroll of fear {unknown}
Potions
 l - 5 potions of curing
 q - a potion of mutation
 u - a potion of degeneration
 A - a potion of haste {unknown}
 C - a potion of invisibility {unknown}


   Skills:
 + Level 2.1 Fighting
 + Level 12.4 Polearms
 - Level 2.0 Throwing
 + Level 9.4 Dodging
 + Level 0.0 Evocations


You had 8 spell levels left.
You didn't know any spells.
Your spell library contained the following spells:

 Spells                   Type           Power      Damage    Failure   Level
 Ensorcelled Hibernation  Hex/Ice        0%         N/A       56%         2
 Dazzling Flash           Conj/Hex       0%         N/A       80%         3
 Fugue of the Fallen      Necr           0%         N/A       80%         3
 Mephitic Cloud           Conj/Alch/Air  0%         N/A       80%         3
 Anguish                  Hex/Necr       0%         N/A       99%         4
 Passage of Golubria      Tloc           0%         N/A       99%         4
 Curse of Agony           Necr           0%         N/A       100%        5
 Silence                  Hex/Air        0%         N/A       100%        5
 Yara's Violent Unravell  Hex/Alch       0%         3d3       100%        5
 Tukima's Dance           Hex            Unusable   N/A       N/A         3

Dungeon Overview and Level Annotations

Branches:
Dungeon (8/15)             Temple (1/1) D:4
   Lair: D:8-11

Altars:
Cheibriados
Dithmenos
Elyvilon
Gozag
Kikubaaqudgha
Makhleb
Nemelex Xobeh
Okawaru
Qazlal
Sif Muna
Trog
Uskayaw
Wu Jian
Zin

Shops:
D:3 !

Annotations:
D:7 3 runed translucent doors, jimmypageman's ghost, novice GrFi


Innate Abilities, Weirdness & Mutations

You are a tree.
Your roots penetrate the ground, keeping you stationary.
You cannot be teleported.
You are immune to unholy pain and torment.
Your maximum health is greatly increased.
Your equipment is partially melded.
((You are very nimble when in or above water. (Stealth+, EV+, Speed+++)))
((Your lower body shifts to a powerful aquatic tail in water.))


Message History

Aiming: Mindburst
Press: ? - help, Shift-Dir - straight line, f - boulder beetle
Aim: a boulder beetle (chance to affect: 47%)
Okay, then.
As you read the scroll labelled UXA LEOKKEY, it crumbles to dust.
A profound silence engulfs you.
It was a scroll of silence.
The boulder beetle curls into a ball and begins rolling!
The boulder beetle hits you!!!
Ouch! That really hurt!
The boulder beetle stops rolling and uncurls.
It was a potion of lignification.
You turn into a tree.
Your +0 cloak melds into your body.
Your +0 helmet melds into your body.
Your +2 pair of boots melds into your body.
The +0 ring mail of Pan-Flutes {rElec Str+5 Dex+3} melds into your body.
Your roots penetrate the ground.
Okay, then.
You hit the boulder beetle but do no damage.
The boulder beetle bites you!
* * * LOW HITPOINT WARNING * * *
You feel very mighty all of a sudden.
The boulder beetle bites you but does no damage.
You slash the boulder beetle!
The boulder beetle is lightly wounded.
The boulder beetle completely misses you.
You completely miss the boulder beetle.
The boulder beetle is lightly wounded.
The boulder beetle bites you but does no damage.
You slash the boulder beetle!
The boulder beetle is moderately wounded.
The boulder beetle bites you but does no damage.
You puncture the boulder beetle!
The boulder beetle is heavily wounded.
The boulder beetle bites you!
* * * LOW HITPOINT WARNING * * *
You hit the boulder beetle.
The boulder beetle is heavily wounded.
The boulder beetle bites you.
* * * LOW HITPOINT WARNING * * *
You feel better. The boulder beetle bites you!
You die...

##### #...################
. ###...##.............# .
#.#....[.♣.............#..
#.......##B............#.#
###.#...°.................
........#........#.#..#.#
#.#.#....##.#######.#<...#
......#.##.# #..÷.###
###.##......# ####..# ...
#.....[# #.....# ##
#......# ##.....###


You could see a boulder beetle (unsilenced).

Vanquished Creatures
  Sigmund (D:2)
  A wyvern (D:8)
  A steam dragon (D:6)
  A black bear (D:5)
  An ice beast (D:5)
  2 sky beasts (D:6)
  An ogre (D:4)
  A phantom (D:4)
  A bullfrog (D:7)
  2 scorpions
  A bombardier beetle (D:4)
  2 jellies (D:6)
  3 hounds
  Jessica (D:3)
  A gnoll bouda (D:6)
  Crazy Yiuf (D:2)
  An iguana (D:6)
  An orc wizard (D:7)
  5 adders
  8 gnolls
  2 shadow imps
  2 white imps
  2 ribbon worms (D:2)
  3 dart slugs
  7 orcs
  5 ball pythons
  5 endoplasms
  4 giant cockroaches
  7 goblins
  9 hobgoblins
  4 jackals (D:2)
  A quokka (D:2)
  A bat (D:3)
  4 frilled lizards
  7 kobolds
  4 rats
103 creatures vanquished.

Notes
Turn   | Place    | Note
-------+----------+-------------------------------------------
     0 | D:1      | nel the Merfolk Gladiator began the quest for the Orb.
     0 | D:1      | Reached XP level 1. HP: 16/16 MP: 1/1
    84 | D:1      | Reached XP level 2. HP: 16/22 MP: 2/2
   549 | D:1      | Reached skill level 5 in Polearms
   663 | D:2      | Reached XP level 3. HP: 26/27 MP: 3/3
   764 | D:2      | Found a runed translucent door.
   765 | D:2      | Noticed Crazy Yiuf
   772 | D:2      | Killed Crazy Yiuf
   934 | D:2      | Reached XP level 4. HP: 33/33 MP: 4/4
  1047 | D:2      | Reached skill level 5 in Dodging
  1267 | D:2      | Noticed Sigmund
  1275 | D:2      | Killed Sigmund
  1276 | D:2      | Reached skill level 7 in Polearms
  1276 | D:2      | Reached XP level 5. HP: 30/38 MP: 5/5
  1276 | D:2      | Reached XP level 6. HP: 34/44 MP: 6/6
  1807 | D:3      | Noticed Jessica
  1812 | D:3      | Killed Jessica
  1937 | D:3      | Found Gaemi's Distillery.
  1943 | D:3      | Bought a potion of heal wounds for 50 gold pieces
  2239 | D:3      | Found an iron altar of Okawaru.
  2260 | D:3      | Became a worshipper of Warmaster Okawaru
  2557 | D:4      | Reached skill level 8 in Polearms
  2574 | D:4      | Identified the +0 ring mail of Pan-Flutes {rElec Str+5
                  | Dex+3}
  2760 | D:4      | Found a staircase to the Ecumenical Temple.
  2766 | Temple   | Entered the Ecumenical Temple
  3088 | D:4      | Reached XP level 7. HP: 42/50 MP: 7/7
  3340 | D:4      | Found a glowing silver altar of Zin.
  3443 | D:5      | Entered Level 5 of the Dungeon
  3447 | D:5      | Found a sparkling altar of Nemelex Xobeh.
  3452 | D:5      | Reached * piety under Okawaru
  3453 | D:5      | Reached skill level 9 in Polearms
  3868 | D:5      | Reached skill level 10 in Polearms
  4233 | D:6      | Noticed a steam dragon
  4294 | D:6      | Reached XP level 8. HP: 56/56 MP: 8/8
  4420 | D:6      | Reached skill level 11 in Polearms
  4770 | D:7      | Found a runed translucent gate.
  4771 | D:7      | Found a runed translucent gate.
  4771 | D:7      | Noticed jimmypageman's ghost (novice GrFi)
  4780 | D:7      | Noticed a boulder beetle
  4805 | D:7      | Found a runed translucent gate.
  4940 | D:7      | Reached ** piety under Okawaru
  4983 | D:8      | Noticed a wyvern
  4985 | D:8      | Reached skill level 12 in Polearms
  4998 | D:8      | Killed a wyvern
  4999 | D:8      | Reached XP level 9. HP: 37/61 MP: 9/9
  5396 | D:7      | Slain by a boulder beetle

Illustrated notes

Levels and vault maps discovered:
D:1:      doesnt_arrival_eight_statues, layout_basic,
          nicolae_houndstooth_variations
D:2:      layout_basic, uniq_crazy_yiuf_cottage, uniq_sigmund
D:3:      layout_loops_ring, kennysheep_okawaru_gauntlet, serial_shops,
          nicolae_shop_tiny_waterfront, columned_hall_lemuel, nrook_mini_vaults,
          uniq_jessica
D:4:      layout_loops_corners, zin_scriptorium,
          minmay_temple_entry_enclosed_plants
D:5:      layout_basic, mainiacjoe_overflow_small_starburst
D:6:      layout_rooms
D:7:      layout_basic, vehumet_crystals, gammafunk_ghost_nasty_kobolds,
          minmay_hedge_maze
D:8:      layout_loops_ring, nicolae_ashenzari_skybound, old_standard_altar
Temple:   chequers_temple_sunken

Skill      XL: |  1  2  3  4  5  6  7  8 |
---------------+-------------------------+-----
Polearms       | 5 7 8 10 12 | 12.4
Dodging        | 6 7 9 |  9.4
Fighting       | |  2.1
Throwing       | |  2.0

Action                     |  1- 3 |  4- 6 |  7- 9 || total
---------------------------+-------+-------+-------++-------
  Melee: Trident           |    61 |    15 |       ||    76
         Quarterstaff      |     3 |    12 |       ||    15
         Halberd           |       |    68 |   167 ||   235
  Throw: Throwing net      |       |     1 |       ||     1
         Javelin           |       |     1 |     4 ||     5
  Evoke: Wand              |       |       |     1 ||     1
    Use: Scroll            |       |     2 |     8 ||    10
         Potion            |       |       |     5 ||     5
   Stab: Sleeping          |     2 |     3 |       ||     5
         Held in net/web   |       |     1 |       ||     1
 Armour: Leather armour    |    25 |    24 |       ||    49
         Ring mail         |       |     8 |    91 ||    99
         Skin              |       |       |     7 ||     7
  Dodge: Dodged            |    24 |    27 |   108 ||   159
